 Dungeon Crawl Stone Soup version 0.29.0 (webtiles) character file.

Game seed: 5994276857226421991

19314 DemonSlayer the Thaumaturge (level 12, -12/123 HPs)
             Began as a Demonspawn Fire Elementalist on Aug 24, 2022.
             Engulfed by an ice statue's freezing vapour (19 damage)
             ... in an ice cave.
             The game lasted 00:40:59 (18667 turns).

DemonSlayer the Thaumaturge (DsFE)                 Turns: 18667, Time: 00:41:00

Health: -12/123    AC: 16    Str:  8    XL:     12   Next: 35%
Magic:  28/28      EV: 13    Int: 21    God:
Gold:   601        SH:  4    Dex: 15    Spells: 11/35 levels left

rFire   . . .      SeeInvis .   s - +5 great sword
rCold   . . .      Faith    .   (shield currently unavailable)
rNeg    . . .      Spirit   .   C - +2 robe {Will+}
rPois   +          Reflect  .   (helmet unavailable)
rElec   .          Harm     .   L - +1 cloak
rCorr   .          Rampage  .   m - +2 pair of gloves
Will    +....                   (no boots)
Stlth   ..........              b - amulet of regeneration
HPRegen 1.10/turn               F - ring of poison resistance
MPRegen 0.21/turn               (no ring)

@: berserking, very quick
A: horns 3, thin metallic scales 2, icemail 1, condensation shield
a: no special abilities


You were in an ice cave.
You visited 3 branches of the dungeon, and saw 14 of its levels.
You also visited: Ossuary and Ice Cave.

You collected 601 gold pieces.

Inventory:

Hand Weapons
 s - a +5 great sword (weapon)
Armour
 m - a +2 pair of gloves (worn)
 x - an orb of wrath
 C - a +2 robe of willpower (worn)
 I - a +1 scale mail of willpower
 J - a +2 hat of see invisible
 L - a +1 cloak (worn)
Jewellery
 a - the amulet "Goteipp" {Acrobat Drain rElec rPois Will++}
   (You found it in an ice cave)

   [amulet of the acrobat]

   It increases your evasion while moving and waiting.
   rElec:     It insulates you from electricity.
   rPois:     It protects you from poison.
   Drain:     It drains your maximum health when unequipped.
   Will:      It greatly increases your willpower.
 b - an amulet of regeneration (around neck)
 F - a ring of poison resistance (left hand)
Wands
 n - a wand of roots (15)
 A - a wand of flame (8) (quivered)
 H - a wand of mindburst (11)
 N - a wand of paralysis (8)
Scrolls
 d - a scroll of vulnerability
 e - a scroll of noise {unknown}
 g - a scroll of fog
 i - 8 scrolls of teleportation
 k - a scroll of torment
 r - a scroll of enchant armour
 y - a scroll of poison
 D - a scroll of fear
 E - 3 scrolls of immolation
Potions
 f - a potion of might
 j - 2 potions of flight
 p - 5 potions of curing
 t - 2 potions of ambrosia
 u - 4 potions of mutation
 v - 3 potions of attraction
 w - a potion of brilliance
 z - 2 potions of cancellation
 B - 2 potions of lignification
Miscellaneous
 q - a phial of floods


   Skills:
 + Level 3.6 Fighting
 + Level 0.1(3.7) Short Blades
 + Level 6.2 Long Blades
 + Level 1.7 Throwing
 + Level 4.0 Dodging
 + Level 4.7 Stealth
 + Level 1.6 Shields
 + Level 12.1 Spellcasting
 + Level 3.8 Conjurations
 + Level 0.6 Hexes
 + Level 2.0 Necromancy
 + Level 10.8 Fire Magic
 + Level 1.2 Evocations


You had 11 spell levels left.
You knew the following spells:

 Your Spells              Type           Power      Damage    Failure   Level
a - Foxfire               Conj/Fire      100%       2x1d9     1%          1
b - Scorch                Fire           100%       2d10      1%          2
c - Conjure Flame         Conj/Fire      43%        6-21      1%          3
d - Lightning Bolt        Conj/Air       10%        1d23      54%         5
e - Flame Wave            Conj/Fire      43%        2d11      2%          4
f - Tukima's Dance        Hex            15%        N/A       12%         3
g - Necrotise             Necr           84%        1d8       2%          1
h - Agony                 Necr           21%        N/A       54%         5

Your spell library contained the following spells:

 Spells                   Type           Power      Damage    Failure   Level
 Inner Flame              Hex/Fire       36%        N/A       1%          3
 Static Discharge         Conj/Air       20%        3-6/arc   3%          2
 Beastly Appendage        Tmut           24%        N/A       5%          1
 Vampiric Draining        Necr           21%        2d7       7%          3
 Wereblood                Tmut           12%        N/A       8%          2
 Portal Projectile        Hex/Tloc       28%        N/A       14%         3
 Spider Form              Tmut/Pois      12%        N/A       16%         3
 Passage of Golubria      Tloc           12%        N/A       45%         4
 Yara's Violent Unravell  Hex/Tmut       7%         3d5       77%         5
 Blade Hands              Tmut           6%         N/A       82%         5
 Maxwell's Capacitive Co  Air            6%         ∞         100%        8


Dungeon Overview and Level Annotations

Branches:
Dungeon (12/15)            Temple (1/1) D:6            Lair (1/5) D:10
    Orc (0/2) D:10        Ossuary (visited)           IceCv (1/1)

Altars:
Ashenzari
Cheibriados
Dithmenos
Fedhas
Gozag
Hepliaklqana
Kikubaaqudgha
Makhleb
Nemelex Xobeh
Okawaru
Qazlal
Ru
Sif Muna
Trog
Uskayaw
Vehumet
Wu Jian
Xom
Yredelemnul

Shops:
D:2 (   D:8 :

Portals:
Abyss: D:4

Annotations:
D:4 2 transporters, Zeldest's ghost, amateur OpTm
D:8 1 transporter
D:10 2 transporters, Kazon's ghost, journeyman DgFi
Lair:1 Sonja IceCv exclusion: ice statue


Innate Abilities, Weirdness & Mutations

You have a pair of large horns on your head.
You are mostly covered in thin metallic scales. (AC +3)
A meltable icy envelope protects you from harm. (AC +4)
A meltable shield of frost defends you. (SH +4)


Message History

The ice beast closely misses you. You block the ice beast's attack.
The ice statue gestures.
The ice beast hits you but does no damage. x2
The ice beast attacks as you move away! The ice beast misses you.
The ice beast barely misses you.
A red film seems to cover your vision as you go berserk!
You feel yourself moving faster!
You feel mighty! The ice statue gestures at you.
The freezing blast engulfs you! The ice beast barely misses you.
The ice beast hits you. The ice beast freezes you.
You hit the ice statue but do no damage.
You are engulfed in freezing vapours.
The ice statue gestures at you. The bolt of cold hits you!!
The bolt of cold hits the ice beast.
The ice beast completely resists.
The ice beast barely misses you. The ice beast hits you.
The ice beast freezes you!
The ice beast hits you but does no damage.
You slash the ice statue!
The ice statue is moderately damaged.
You are engulfed in freezing vapours.
* * * LOW HITPOINT WARNING * * *
The ice beast barely misses you.
The ice beast hits you but does no damage. x2
Unknown command.
You slash the ice statue!
You headbutt the ice statue, but do no damage.
The ice statue is heavily damaged.
You are engulfed in freezing vapours.
* * * LOW HITPOINT WARNING * * *
The ice beast hits you.
* * * LOW HITPOINT WARNING * * *
The ice beast freezes you!
* * * LOW HITPOINT WARNING * * *
You block the ice beast's attack.
The ice beast hits you but does no damage.
You are too berserk!
You slice the ice statue!!
The ice statue is almost destroyed.
You are engulfed in freezing vapours.
You die...

.## ....# ......#######
#....°8@Y○..######
##...○Y°Y○.......###
###########.......###
########### ###.......#
###.........# ###....####
##...........### ###....###..
#......###.....###....###....
#.....######.........##....#.
#....###.).###....####....##.


You could see an ice statue and 3 ice beasts.

Vanquished Creatures
  Gastronok (D:11)
  A hydra (D:12)
  2 boulder beetles (D:11)
  A two-headed ogre (D:9)
  A cyclops (D:11)
  2 ugly things
  Maurice (D:8)
  An ice statue (D:10)
  2 kobold demonologists (D:9)
  4 komodo dragons
  A hornet (D:8)
  12 slime creatures
  Sigmund (D:6)
  A shadow (D:9)
  7 yaks
  3 wyverns
  2 basilisks (D:10)
  Menkaure (D:6)
  Edmund (D:5)
  4 ice beasts
  2 hornet zombies (Ossuary)
  A swamp drake (D:10)
  A great orb of eyes simulacrum (IceCv)
  3 orc warriors
  3 black bears
  A sky beast (D:7)
  2 ogres
  6 centaurs
  3 phantoms
  2 slime creature simulacra (IceCv)
  14 kobold brigands (D:9)
  Blork the orc (D:6)
  3 bullfrogs
  A gnoll sergeant (D:10)
  A necrophage (D:5)
  A scorpion (D:6)
  A wyvern zombie (Ossuary)
  2 water moccasin zombies (Ossuary)
  22 killer bees
  6 jellies
  4 bullfrog zombies (Ossuary)
  4 hounds
  3 orc priests
  15 mummies (Ossuary)
  5 iguanas
  10 orc wizards
  4 shapeshifter simulacra (IceCv)
  A killer bee zombie (Ossuary)
  12 adders
  16 gnolls
  A shadow imp (D:5)
  A white imp (D:6)
  2 ufetubi
  3 dart slugs (D:1)
  22 orcs
  3 ball pythons
  4 endoplasms
  2 giant cockroaches
  6 goblins
  8 hobgoblins
  15 kobolds
  4 quokkas
  A bat (D:3)
  4 frilled lizards
  3 rats (D:1)
278 creatures vanquished.

Vanquished Creatures (collateral kills)
  3 slime creatures (IceCv)
  A great orb of eyes simulacrum (IceCv)
  2 slime creature simulacra (IceCv)
6 creatures vanquished.

Vanquished Creatures (others)
  249 foxfires
  10 withered plants (Ossuary)
259 creatures vanquished.

Grand Total: 543 creatures vanquished

Notes
Turn   | Place    | Note
-------+----------+-------------------------------------------
     0 | D:1      | DemonSlayer the Demonspawn Fire Elementalist began the
                  | quest for the Orb.
     0 | D:1      | Reached XP level 1. HP: 13/13 MP: 3/3
   464 | D:1      | Gained mutation: A meltable shield of frost defends you.
                  | (SH +4) [demonic ancestry]
   464 | D:1      | Reached XP level 2. HP: 15/19 MP: 0/5
   467 | D:1      | Learned a level 2 spell: Scorch
   987 | D:1      | Found a faded altar of an unknown god.
  1378 | D:1      | Reached XP level 3. HP: 24/24 MP: 2/6
  1751 | D:1      | Learned a level 3 spell: Conjure Flame
  2447 | D:2      | Found Fidghe's Weapon Boutique.
  2854 | D:3      | Found a basalt altar of Yredelemnul.
  3251 | D:3      | Noticed an ice beast
  3834 | D:3      | Killed an ice beast
  3835 | D:3      | Reached skill level 1 in Long Blades
  3835 | D:3      | Reached skill level 3 in Spellcasting
  3835 | D:3      | Reached XP level 4. HP: 17/31 MP: 1/8
  3835 | D:3      | Gained mutation: You are partially covered in thin metallic
                  | scales. (AC +2) [demonic ancestry]
  3835 | D:3      | Reached XP level 5. HP: 20/36 MP: 1/9
  4545 | D:4      | Found a sand-covered staircase.
  4559 | Ossuary  | Entered an ossuary
  4572 | Ossuary  | Gained mutation: You have a pair of small horns on your
                  | head. [demonic ancestry]
  4572 | Ossuary  | Reached XP level 6. HP: 38/42 MP: 1/11
  4577 | Ossuary  | Reached skill level 1 in Fighting
  4798 | Ossuary  | Reached skill level 4 in Spellcasting
  4798 | Ossuary  | Reached XP level 7. HP: 48/48 MP: 1/13
  5325 | Ossuary  | Reached skill level 5 in Spellcasting
  5433 | Ossuary  | Reached skill level 5 in Fire Magic
  5642 | Ossuary  | Learned a level 5 spell: Lightning Bolt
  5647 | Ossuary  | Learned a level 4 spell: Flame Wave
  5782 | D:4      | Gained mutation: You are mostly covered in thin metallic
                  | scales. (AC +3) [demonic ancestry]
  5782 | D:4      | Reached XP level 8. HP: 54/54 MP: 10/15
  5946 | D:4      | Found a shimmering altar of Xom.
  6099 | D:4      | Found a transporter.
  6189 | D:4      | Found a shadowy altar of Dithmenos.
  6224 | D:4      | Found a one-way gate to the infinite horrors of the Abyss.
  6224 | D:4      | Noticed Zeldest's ghost (amateur OpTm)
  6248 | D:4      | Found a transporter.
  6483 | D:4      | Learned a level 3 spell: Tukima's Dance
  6506 | D:5      | Entered Level 5 of the Dungeon
  6844 | D:5      | Reached skill level 6 in Spellcasting
  7145 | D:5      | Noticed Edmund
  7150 | D:5      | Killed Edmund
  7287 | D:5      | Found a bloodstained altar of Trog.
  7540 | D:5      | Reached skill level 7 in Spellcasting
  7798 | D:6      | Noticed Sigmund
  8048 | D:6      | Killed Sigmund
  8049 | D:6      | Gained mutation: You have a pair of horns on your head.
                  | [demonic ancestry]
  8049 | D:6      | Reached XP level 9. HP: 61/61 MP: 13/19
  8341 | D:6      | Found a staircase to the Ecumenical Temple.
  8371 | Temple   | Entered the Ecumenical Temple
  8773 | D:6      | Noticed Menkaure
  8775 | D:6      | Killed Menkaure
  8897 | D:6      | Noticed Blork the orc
  8901 | D:6      | Killed Blork the orc
  8902 | D:6      | Reached skill level 8 in Spellcasting
  9017 | D:6      | Found a sparkling altar of Nemelex Xobeh.
  9480 | D:6      | Learned a level 1 spell: Necrotise
  9626 | D:6      | Learned a level 5 spell: Agony
  9705 | D:7      | Reached skill level 1 in Necromancy
 10115 | D:7      | Found a shimmering blue altar of Sif Muna.
 10596 | D:7      | Found a blossoming altar of Fedhas.
 10664 | D:7      | You fall into a shaft and drop 2 floors!
 10726 | D:9      | Reached XP level 10. HP: 64/67 MP: 3/22
 10849 | D:9      | Reached skill level 9 in Spellcasting
 12005 | D:9      | Reached skill level 5 in Long Blades
 12098 | D:9      | Noticed a two-headed ogre
 12107 | D:9      | Killed a two-headed ogre
 12344 | D:8      | Found a transporter.
 12344 | D:8      | Found a transporter.
 12360 | D:8      | Reached skill level 1 in Shields
 12496 | D:8      | Found Eppe's Book Shop.
 12497 | D:8      | Noticed Maurice
 12507 | D:8      | Killed Maurice
 12508 | D:8      | Reached skill level 10 in Spellcasting
 12631 | D:8      | Gained mutation: A meltable icy envelope protects you from
                  | harm. (AC +4) [demonic ancestry]
 12631 | D:8      | Reached XP level 11. HP: 46/75 MP: 7/25
 14211 | D:10     | Entered Level 10 of the Dungeon
 14415 | D:10     | Found a transporter.
 14416 | D:10     | Found a transporter.
 14419 | D:10     | Noticed a two-headed ogre
 14420 | D:10     | Noticed Kazon's ghost (journeyman DgFi)
 14421 | D:10     | Identified the +0 dire flail "Fyuxit" {freeze, rF+ Str+2}
 14421 | D:10     | Identified the +0 dire flail of the Coward {drain, rC+}
 14421 | D:10     | Noticed a two-headed ogre
 14429 | D:10     | Noticed a two-headed ogre
 14431 | D:10     | Noticed a two-headed ogre
 14439 | D:10     | Found a staircase to the Orcish Mines.
 14577 | D:10     | Noticed a cyan ugly thing
 14591 | D:10     | Killed a cyan ugly thing
 14682 | D:10     | Found a broken altar of Ashenzari.
 15825 | D:10     | Found a staircase to the Lair.
 16104 | D:11     | Noticed a boulder beetle
 16113 | D:11     | Killed a boulder beetle
 16114 | D:11     | Reached skill level 11 in Spellcasting
 16172 | D:11     | Noticed a boulder beetle
 16185 | D:11     | Killed a boulder beetle
 16186 | D:11     | Reached skill level 1 in Throwing
 16194 | D:11     | Reached skill level 1 in Evocations
 16200 | D:11     | Reached skill level 10 in Fire Magic
 16285 | D:11     | Noticed Gastronok
 16299 | D:11     | Killed Gastronok
 16500 | D:11     | Noticed a cyan ugly thing
 16506 | D:11     | Killed a cyan ugly thing
 16811 | Lair:1   | Entered Level 1 of the Lair of Beasts
 16816 | Lair:1   | Noticed Sonja
 17089 | D:12     | Gained mutation: You have a pair of large horns on your
                  | head. [demonic ancestry]
 17089 | D:12     | Reached XP level 12. HP: 81/81 MP: 20/27
 17118 | D:12     | Noticed a four-headed hydra
 17126 | D:12     | Killed a four-headed hydra
 17266 | D:12     | Found a frozen archway.
 17332 | IceCv    | Entered an ice cave
 17861 | IceCv    | Identified the amulet "Goteipp" {Acrobat Drain rElec rPois
                  | Will++}
 18152 | IceCv    | Reached skill level 12 in Spellcasting
 18667 | IceCv    | Engulfed by an ice statue's freezing vapour

Illustrated notes

Levels and vault maps discovered:
D:1:      nagdon_arrival_double_spiral, layout_basic,
          ebering_ecumenical_altar_box, kennysheep_minor_cross
D:2:      layout_basic, serial_shops, nicolae_shop_behind_doors,
          minmay_misc_feat_rows, minivault_25
D:3:      layout_loops_ring, general_overflow_altar
D:4:      layout_rooms, tgw_xom, grunt_dithmenos_smoke_and_mirrors,
          enter_ossuary_3, gammafunk_ghost_abyssal_escape
D:5:      minmay_chambers_of_threes, layout_basic, lightli_temple_of_fire,
          uniq_edmund
D:6:      layout_basic, mainiacjoe_overflow_cross_hatched,
          minmay_temple_entry_mini_moons, minmay_misc_feat_diagonals,
          minmay_circle_x, uniq_blork_the_orc, uniq_menkaure, uniq_sigmund
D:7:      layout_basic, fedhas_bush_and_centaur_altar,
          mainiacjoe_overflow_surrounded_room
D:8:      layout_loops_cross, serial_shops, shop, nicolae_diode_stairs,
          uniq_maurice
D:9:      layout_roguey, special_room [special_room_kobold], chequers_jeans,
          kennysheep_generic_room_4
D:10:     lemuel_ice_statue, layout_long_grid, grunt_temple_overflow_open,
          erik_lair_dragon, orc_0_dummy, gammafunk_ghost_smash
D:11:     layout_basic, nicolae_trove_entry_diagonal, uniq_gastronok
D:12:     layout_loops_cross, portal_ice_cave_entry_pillars_1, bh_circular_ruins
Temple:   hellmonk_temple_forest_ring
Lair:1:   dragon1_lemuel, layout_misc_corridors,
          eino_small_chamber_without_monster, chequers_serial_rivers_large_a,
          serial_bayou_shore_b, grunt_megastairs_5, serial_bayou_shore_b,
          uniq_amaemon, uniq_harold, uniq_sonja
IceCv:    ice_cave_hellmonk_azure_passage

Skill      XL: |  1  2  3  4  5  6  7  8  9 10 11 12 |
---------------+-------------------------------------+-----
Fire Magic     | 3 4 5 6 7 8 10 | 10.8
Stealth        | 2 3 4 |  4.7
Long Blades    | 1 2 3 5 6 |  6.2
Dodging        | 2 3 4 |  4.0
Spellcasting   | 3 4 5 7 8 10 11 12 | 12.1
Fighting       | 1 3 |  3.6
Conjurations   | 2 3 |  3.8
Necromancy     | 2 |  2.0
Shields        | 1 |  1.6
Throwing       | 1 |  1.7
Evocations     | 1 |  1.2
Short Blades   | |  0.1
Hexes          | |  0.6

Action                   |  1- 3 |  4- 6 |  7- 9 | 10-12 || total
-------------------------+-------+-------+-------+-------++-------
Melee: Spear             |     6 |       |       |       ||     6
       Rapier            |    25 |       |       |       ||    25
       Great sword       |    16 |    21 |    61 |   111 ||   209
       Headbutt          |       |     2 |    12 |    19 ||    33
Throw: Dart              |       |       |       |    19 ||    19
       Throwing net      |       |       |       |     4 ||     4
 Cast: Foxfire           |    83 |    29 |     6 |    37 ||   155
       Scorch            |     8 |     3 |   190 |   275 ||   476
       Conjure Flame     |       |       |     2 |    11 ||    13
       Necrotise         |       |       |    26 |       ||    26
       Tukima's Dance    |       |       |       |     4 ||     4
       Flame Wave        |       |       |       |     3 ||     3
Evoke: Wand              |       |       |       |    12 ||    12
  Use: Potion            |     4 |       |     5 |    10 ||    19
       Scroll            |       |     5 |    15 |    11 ||    31
 Stab: Sleeping          |     1 |       |       |       ||     1
Armor: Robe              |    19 |     4 |    89 |   121 ||   233
Dodge: Dodged            |    25 |    18 |   101 |   161 ||   305
Block: Other             |    11 |     3 |    26 |    58 ||    98
